 Dungeon Crawl Stone Soup version 0.17-a0-802-g1f09329 (webtiles) character file.

4 RobertPalmer the Bolt Thrower (level 1, 0/12 HPs)
             Began as a Kobold Hunter on Apr 27, 2015.
             Slain by a hobgoblin
             ... wielding a +0 club
              (4 damage)
             ... on level 1 of the Dungeon.
             The game lasted 00:00:23 (397 turns).

RobertPalmer the Bolt Thrower (Kobold Hunter)        Turns: 397, Time: 00:00:23

Health: 0/12       AC:  3    Str: 10    XL:     1   Next: 66%
Magic:  1/1        EV: 14    Int:  9    God:
Gold:   12         SH:  0    Dex: 16    Spells: 0 memorised, 0 levels left

rFire  . . .     SeeInvis .     a - +0 short sword
rCold  . . .     Clarity  .     d - +0 leather armour
rNeg   . . .     SustAb   .     (shield restricted)
rPois  .         Gourm    .     (no helmet)
rElec  .         Spirit   .     (no cloak)
rCorr  .         Warding  .     (no gloves)
rMut   .         Stasis   .     (no boots)
MR     .....                    (no amulet)
Stlth  ++........               (no ring)
                                (no ring)

@: not resistant to hostile enchantments, unstealthy
A: carnivore 3
a: no special abilities


You were on level 1 of the Dungeon.
You were not hungry.

You visited 1 branch of the dungeon, and saw 1 of its levels.

You collected 12 gold pieces.

Inventory:

Hand weapons
 a - a +0 short sword (weapon)
 b - a +1 hand crossbow
Missiles
 c - 20 bolts
Armour
 d - a +0 leather armour (worn)
Jewellery
 f - an uncursed ring of fire {unknown}
   (You found it on level 1 of the Dungeon)
 h - a +4 ring of evasion {unknown}
   (You found it on level 1 of the Dungeon)
Scrolls
 i - 2 scrolls of remove curse {unknown}
 k - a scroll of teleportation {unknown}
Potions
 g - 2 potions of might {unknown}
Comestibles
 e - a meat ration {@e2}
 j - a slice of pizza


   Skills:
 - Level 2.1 Fighting
 + Level 1.5 Short Blades
 - Level 4.8 Crossbows
 - Level 2.4 Dodging
 - Level 1.3 Stealth


You couldn't memorise any spells.
You didn't know any spells.

Dungeon Overview and Level Annotations

Branches:
Dungeon (1/15)

Altars:


Innate Abilities, Weirdness & Mutations

You are small and have problems with some larger weapons.
You are carnivorous and can eat meat at any time.


Message History

You open the door.
There is an open door here.
A kobold comes into view. It is wielding a dagger.
A kobold is nearby!
A kobold is nearby!
The kobold hits you with a dagger.
You take 2 damage, and have 10/12 hp.
You closely miss the kobold. The kobold hits you but does no damage.
You hit the kobold but do no damage. The kobold closely misses you.
The kobold closely misses you.
You miss the kobold. The kobold barely misses you.
You hit the kobold but do no damage. The kobold closely misses you.
You hit the kobold. The kobold hits you with a dagger.
You take 1 damage, and have 9/12 hp.
You hit the kobold.
You kill the kobold!
Your Short Blades skill increases to level 1!
No target in view!
No target in view!
Things that are here:
a dagger; a kobold corpse You open the door.
There is an open door here.
There is an open door here.
You see here a robe.
You open the door.
There is an open door here.
A goblin comes into view. It is wielding a club.
A goblin is nearby!
A goblin is nearby!
A goblin is nearby!
Health restored: 12 A goblin is nearby!
A goblin is nearby!
The goblin shouts!
The goblin misses you.
You hit the goblin.
You kill the goblin!
No target in view!
No target in view!
No target in view!
i - 2 scrolls labeled AMEFRE QONOEC (gained 1)
A giant cockroach comes into view.
A giant cockroach is nearby!
A giant cockroach is nearby!
A giant cockroach is nearby!
The giant cockroach closely misses you.
You barely miss the giant cockroach.
The giant cockroach bites you but does no damage.
You closely miss the giant cockroach. The giant cockroach bites you.
The giant cockroach bites you but does no damage.
You take 1 damage, and have 11/12 hp.
You hit the giant cockroach. The giant cockroach misses you.
You closely miss the giant cockroach. The giant cockroach barely misses you.
You hit the giant cockroach but do no damage.
The giant cockroach barely misses you.
You hit the giant cockroach. The giant cockroach misses you.
The giant cockroach barely misses you.
You hit the giant cockroach but do no damage.
The giant cockroach completely misses you.
You hit the giant cockroach but do no damage.
The giant cockroach bites you but does no damage.
You hit the giant cockroach but do no damage.
The giant cockroach closely misses you.
You hit the giant cockroach but do no damage.
The giant cockroach closely misses you. x2
You hit the giant cockroach but do no damage.
The giant cockroach closely misses you.
You hit the giant cockroach. The giant cockroach closely misses you.
You hit the giant cockroach.
You kill the giant cockroach!
No target in view!
No target in view!
You see here a giant cockroach corpse.
j - a slice of pizza
k - a scroll labeled TYLUWIJONU Health restored: 12 You open the door.
You open the door.
There is an open door here.
There is an open door here.
You now have 12 gold pieces (gained 10).
There is an open door here.
You open the door.
A hobgoblin comes into view. It is wielding a club.
A hobgoblin is nearby!
A hobgoblin is nearby!
A hobgoblin is nearby!
The hobgoblin shouts!
A kobold comes into view. It is wielding a whip.
There is an open door here.
The hobgoblin hits you with a club!
Ouch! That really hurt!
You take 7 damage, and have 5/12 hp.
MASSIVE DAMAGE!!
You hit the hobgoblin but do no damage. The hobgoblin misses you.
You hit the hobgoblin but do no damage. The hobgoblin hits you with a club.
You take 1 damage, and have 4/12 hp.
You barely miss the hobgoblin. The hobgoblin hits you with a club.
You die...

......##.#. . ............
.... ............. .....
.............# ......
...#..#.....## .......
...+..#....... .....
...#.......## K..#
............#####g#.#
...#............@...#
.†...........###'####
##.#..#..##........#
....(.#..##........#
#####.#............# ### ##
##.##.##...(....#########.#
.###...#.####......'.........#
..##.#.#.# #......#########.#
...#...#.# #......#########.#


You could see a hobgoblin and a kobold.

Vanquished Creatures
  A giant cockroach (D:1)
  A kobold (D:1)
  A giant newt (D:1)
  A goblin (D:1)
4 creatures vanquished.

Notes
Turn   | Place    | Note
--------------------------------------------------------------
     0 | D:1      | RobertPalmer, the Kobold Hunter, began the quest for the Orb.
     0 | D:1      | Reached XP level 1. HP: 12/12 MP: 1/1
   170 | D:1      | Reached skill level 1 in Short Blades
   397 | D:1      | Slain by a hobgoblin

Action                   || total
-------------------------++-------
Melee: Short sword       ||    26

Vault maps used:
D:1:      dpeg_arrival_round_b, minmay_misc_feat_columns

Table legend:
 A = Turns spent in this place as a percentage of turns spent in the entire game.
 B = Non-inter-level travel turns spent in this place as a percentage of non-inter-level travel turns spent in the entire game.
 C = Inter-level travel turns spent in this place as a percentage of turns spent in this place.
 D = Turns resting spent in this place as a percentage of non-inter-level travel turns spent in this place.
 E = Turns spent auto-exploring this place as a percentage of non-inter-level travel turns spent in this place.
 F = Non-inter-level travel turns spent in this place divided by the number of levels of this place that you've seen.
                   A       B       C       D       E      F
               +-------+-------+-------+-------+-------+----------------------
         Total | 100.0 | 100.0 |   0.0 |   0.0 |  13.9 |  79.0
       Dungeon | 100.0 | 100.0 |   0.0 |   0.0 |  13.9 |  79.0
               +-------+-------+-------+-------+-------+----------------------

Table legend:
 A = Kills in this place as a percentage of kills in entire the game.
 B = Kills by you in this place as a percentage of kills by you in the entire game.
 C = Kills by friends in this place as a percentage of kills by friends in the entire game.
 D = Other kills in this place as a percentage of other kills in the entire game.
 E = Experience gained in this place as a percentage of experience gained in the entire game.
 F = Experience gained in this place divided by the number of levels of this place that you have seen.
                   A       B       C       D       E      F
               +-------+-------+-------+-------+-------+----------------------
         Total | 100.0 | 100.0 |  -nan |  -nan | 100.0 |   6.0
       Dungeon | 100.0 | 100.0 |  -nan |  -nan | 100.0 |   6.0
               +-------+-------+-------+-------+-------+----------------------
